HSSL
EVANS HS KNIGHTS @ BISHOP VEROT HS
05/11/2023
 
TOP OF THE 1ST
Evans HS Knights batting - Pitching for Bishop Verot HS : RHP Don Belmore
Pitching: RHP Don Belmore
Batting: LHB Ernesto López 0-0: SINGLE (Line Drive, 56)
Batting: RHB Tom Stoltz 0-0: Fly out, F3 (Popup, 23F)
Batting: RHB Holden Davis 0-0: Called Strike
0-1: Ball
1-1: Ball
2-1: SINGLE (Groundball, 6D)
Ernesto López to second
Batting: LHB Bill McCraney 0-0: Swinging Strike
0-1: Foul Ball, location: 2F
0-2: Foul Ball, location: 2F
0-2: Foul Ball, location: 2F
0-2: Ball
1-2: Ball
Wild Pitch!
Ernesto López to third
Holden Davis to second
2-2: Foul Ball, location: 2F
2-2: SINGLE (Groundball, 4)
Ernesto López scores
Holden Davis to third
Batting: SHB Jorge Dávila 0-0: Foul Ball, location: 2F
0-1: Called Strike
0-2: Ball
1-2: Ball
2-2: Strikes out looking
Batting: RHB Michael Stevenson 0-0: Ball
1-0: SINGLE (Groundball, 4MD)
Holden Davis scores
Bill McCraney to second
Batting: RHB Ronnie Rogers 0-0: Ball
1-0: Ball
2-0: Foul Ball, location: 2F
2-1: Ball
3-1: Base on Balls
Bill McCraney to third
Michael Stevenson to second
Batting: LHB Guy Moss 0-0: Ground out 6-3 (Groundball, 6)
Top of the 1st over - 2 run(s), 4 hit(s), 0 error(s), 3 left on base; Evans HS 2 - Bishop Verot HS 0
BOTTOM OF THE 1ST
Bishop Verot HS batting - Pitching for Evans HS Knights : RHP Steve Parsons
Pitching: RHP Steve Parsons
Batting: RHB Vincent Hancock 0-0: Ball
1-0: Called Strike
1-1: Ball
2-1: Called Strike
2-2: Strikes out looking
Batting: RHB Luis Morales 0-0: Called Strike
0-1: Called Strike
0-2: Ground out 6-3 (Groundball, 6)
Batting: RHB Michael Hall 0-0: Called Strike
0-1: Foul Ball, location: 2F
0-2: Ball
1-2: Ball
2-2: Ball
3-2: Foul Ball, location: 2F
3-2: Base on Balls
Batting: RHB Nick Vogel 0-0: Called Strike
Michael Hall steals 2nd base
0-1: Ball
1-1: Ground out 4-3 (Groundball, 4)
Bottom of the 1st over - 0 run(s), 0 hit(s), 0 error(s), 1 left on base; Evans HS 2 - Bishop Verot HS 0
TOP OF THE 2ND
Evans HS Knights batting - Pitching for Bishop Verot HS : RHP Don Belmore
Batting: RHB John Eaves 0-0: Ball
1-0: Called Strike
1-1: Hit by Pitch
Batting: LHB Ernesto López 0-0: Ball
1-0: SINGLE (Groundball, 6MD)
John Eaves to second
Batting: RHB Tom Stoltz 0-0: SINGLE (Groundball, 34D)
John Eaves to third
Ernesto López to second
Batting: RHB Holden Davis 0-0: Ball
1-0: Fly out, F7 (Line Drive, 78S)
Batting: LHB Bill McCraney 0-0: Called Strike
Single, Error in OF, E9, batter to second base
John Eaves scores
Ernesto López scores
Tom Stoltz to third
Batting: SHB Jorge Dávila 0-0: Ball
1-0: Swinging Strike
1-1: Fly out, F8 (Line Drive, 8LM)
Runner from 3rd tags up, SCORES, throw made
Batting: RHB Michael Stevenson 0-0: Fly out, F9 (Flyball, 9LM)
Top of the 2nd over - 3 run(s), 3 hit(s), 1 error(s), 1 left on base; Evans HS 5 - Bishop Verot HS 0
BOTTOM OF THE 2ND
Bishop Verot HS batting - Pitching for Evans HS Knights : RHP Steve Parsons
Batting: RHB Jon Foster 0-0: Called Strike
0-1: Ball
1-1: Ball
2-1: Ball
3-1: Base on Balls
Batting: RHB Terry Perkins 0-0: Called Strike
0-1: Hit by Pitch
Jon Foster to second
Batting: RHB Peter Bishop 0-0: Foul Ball, location: 2F
0-1: Fly out, F7 (Line Drive, 78M)
0-1: Fly out, F7 (Line Drive, 78M)
Batting: LHB Sandro Márquez 0-0: Called Strike
0-1: Ball
1-1: Ball
2-1: Foul Ball, location: 2F
2-2: Ball
3-2: Fly out, F5 (Popup, 5F)
Batting: RHB Reynaldo Gómez 0-0: Called Strike
0-1: SINGLE (Line Drive, 9LS)
Jon Foster to third
Terry Perkins to second
Runner from 3rd tries for Home, SAFE, throw made home
Batting: RHB Vincent Hancock 0-0: Called Strike
0-1: Foul Ball, location: 2F
0-2: Fly out, F8 (Flyball, 8RM)
Bottom of the 2nd over - 1 run(s), 1 hit(s), 0 error(s), 2 left on base; Evans HS 5 - Bishop Verot HS 1
TOP OF THE 3RD
Evans HS Knights batting - Pitching for Bishop Verot HS : RHP Don Belmore
Batting: RHB Ronnie Rogers 0-0: Foul Ball, location: 2F
0-1: Fly out, F6 (Popup, 6M)
Batting: LHB Guy Moss 0-0: Ball
1-0: Foul Ball, location: 2F
1-1: Called Strike
1-2: Ground out 5-3 (Groundball, 15S)
Batting: RHB John Eaves 0-0: Called Strike
0-1: Foul Ball, location: 2F
0-2: Ball
1-2: Ball
2-2: Foul Ball, location: 2F
2-2: Foul Ball, location: 2F
2-2: Ball
3-2: Base on Balls
Batting: LHB Ernesto López 0-0: Foul Ball, location: 2F
0-1: Ball
1-1: Swinging Strike
1-2: Ball
2-2: Strikes out looking
Top of the 3rd over - 0 run(s), 0 hit(s), 0 error(s), 1 left on base; Evans HS 5 - Bishop Verot HS 1
BOTTOM OF THE 3RD
Bishop Verot HS batting - Pitching for Evans HS Knights : RHP Steve Parsons
Batting: RHB Luis Morales 0-0: Ball
1-0: Ball
2-0: Ball
3-0: Called Strike
3-1: Base on Balls
Batting: RHB Michael Hall 0-0: Foul Ball, location: 2F
0-1: Ball
1-1: Foul Ball, location: 2F
1-2: Ball
2-2: Ball
3-2: Base on Balls
Luis Morales to second
Batting: RHB Nick Vogel 0-0: SINGLE (Groundball, 56)
Luis Morales to third
Michael Hall to second
Runner from 3rd tries for Home, throw and OUT!
Batting: RHB Jon Foster 0-0: Swinging Strike
0-1: Foul Ball, location: 2F
0-2: Foul Ball, location: 2F
0-2: Ball
1-2: Ball
2-2: Foul Ball, location: 2F
2-2: Strikes out swinging
Batting: RHB Terry Perkins 0-0: Called Strike
0-1: Ball
1-1: Ball
2-1: Ball
Wild Pitch!
Michael Hall to third
Nick Vogel to second
3-1: Base on Balls
Batting: RHB Peter Bishop 0-0: Ball
1-0: Fly out, F9 (Flyball, 89M)
Bottom of the 3rd over - 0 run(s), 1 hit(s), 0 error(s), 3 left on base; Evans HS 5 - Bishop Verot HS 1
TOP OF THE 4TH
Evans HS Knights batting - Pitching for Bishop Verot HS : RHP Don Belmore
Batting: RHB Tom Stoltz 0-0: Ball
1-0: Ball
2-0: Ball
3-0: Called Strike
3-1: Base on Balls
Batting: RHB Holden Davis 0-0: Called Strike
0-1: Ball
1-1: Foul Ball, location: 2F
1-2: Ball
2-2: Ball
3-2: Foul Ball, location: 2F
3-2: Base on Balls
Tom Stoltz to second
Batting: LHB Bill McCraney 0-0: SINGLE (Groundball, 4M)
Tom Stoltz to third
Holden Davis to second
Batting: SHB Jorge Dávila 0-0: Ball
1-0: Ball
2-0: Fielders Choice at 2nd, 6-4 (Groundball, 6)
Tom Stoltz scores
Holden Davis to third
Batting: RHB Michael Stevenson 0-0: Ball
1-0: Ball
2-0: Foul Ball, location: 2F
2-1: Called Strike
2-2: Ball
3-2: Grounds into double play, 6-4-3 (Groundball, 6)
Top of the 4th over - 1 run(s), 1 hit(s), 0 error(s), 1 left on base; Evans HS 6 - Bishop Verot HS 1
BOTTOM OF THE 4TH
Bishop Verot HS batting - Pitching for Evans HS Knights : RHP Steve Parsons
Batting: LHB Sandro Márquez 0-0: Fly out, F7 (Flyball, 7M)
Batting: RHB Reynaldo Gómez 0-0: Called Strike
0-1: Ground out 6-3 (Groundball, 6)
Batting: RHB Vincent Hancock 0-0: Called Strike
0-1: Ball
1-1: Foul Ball, location: 2F
1-2: Fly out, F6 (Popup, 6MD)
Bottom of the 4th over - 0 run(s), 0 hit(s), 0 error(s), 0 left on base; Evans HS 6 - Bishop Verot HS 1
TOP OF THE 5TH
Evans HS Knights batting - Pitching for Bishop Verot HS : RHP Don Belmore
Pitching: RHP Bryan Smith
Batting: RHB Ronnie Rogers 0-0: Ball
1-0: Ball
2-0: Ball
3-0: Called Strike
3-1: SINGLE (Groundball, 6D) (infield hit)
Batting: LHB Guy Moss 0-0: Ball
1-0: Called Strike
1-1: Ball
2-1: Ball
3-1: Base on Balls
Ronnie Rogers to second
Batting: RHB John Eaves 0-0: Fly out, F2 (Popup, 25F)
Batting: LHB Ernesto López 0-0: Ball
1-0: Ball
2-0: Called Strike
2-1: Ball
3-1: Base on Balls
Ronnie Rogers to third
Guy Moss to second
Batting: RHB Tom Stoltz 0-0: Swinging Strike
0-1: Foul Ball, location: 2F
0-2: Foul Ball, location: 2F
0-2: Ball
1-2: Foul Ball, location: 2F
1-2: SINGLE (Flyball, 7S)
Ronnie Rogers scores
Guy Moss to third
Ernesto López to second
Runner from 3rd tries for Home, SAFE, throw made home
Ernesto López to third
Tom Stoltz to second
Batting: RHB Holden Davis 0-0: Called Strike
0-1: Foul Ball, location: 2F
0-2: Ball
1-2: Strikes out looking
Batting: LHB Bill McCraney 0-0: Ball
1-0: Called Strike
1-1: Swinging Strike
1-2: Ball
2-2: Fly out, F2 (Popup, 2RF)
Top of the 5th over - 2 run(s), 2 hit(s), 0 error(s), 2 left on base; Evans HS 8 - Bishop Verot HS 1
BOTTOM OF THE 5TH
Bishop Verot HS batting - Pitching for Evans HS Knights : RHP Steve Parsons
Batting: RHB Luis Morales 0-0: Called Strike
0-1: SINGLE (Flyball, 8LS)
Batting: RHB Michael Hall 0-0: Fly out, F8 (Flyball, 8RM)
Batting: RHB Nick Vogel 0-0: Ball
1-0: Ball
2-0: Ball
3-0: Base on Balls
Luis Morales to second
Batting: RHB Jon Foster 0-0: Called Strike
0-1: Ball
1-1: Foul Ball, location: 2F
1-2: Strikes out swinging
Pitching: LHP Marc Fontenot
Batting: RHB Terry Perkins 0-0: Ball
1-0: Ball
2-0: Foul Ball, location: 2F
2-1: Foul Ball, location: 2F
2-2: Foul Ball, location: 2F
2-2: Strikes out swinging
Bottom of the 5th over - 0 run(s), 1 hit(s), 0 error(s), 2 left on base; Evans HS 8 - Bishop Verot HS 1
TOP OF THE 6TH
Evans HS Knights batting - Pitching for Bishop Verot HS : RHP Bryan Smith
Batting: SHB Jorge Dávila 0-0: Ball
1-0: Ball
2-0: Called Strike
2-1: Foul Ball, location: 2F
2-2: Foul Ball, location: 2F
2-2: Foul Ball, location: 2F
2-2: Ball
3-2: Strikes out swinging
Batting: RHB Michael Stevenson 0-0: Ball
1-0: Ground out 5-3 (Groundball, 56S)
Batting: RHB Ronnie Rogers 0-0: Foul Ball, location: 2F
0-1: Foul Ball, location: 2F
0-2: Strikes out looking
Top of the 6th over - 0 run(s), 0 hit(s), 0 error(s), 0 left on base; Evans HS 8 - Bishop Verot HS 1
BOTTOM OF THE 6TH
Bishop Verot HS batting - Pitching for Evans HS Knights : LHP Marc Fontenot
Batting: RHB Peter Bishop 0-0: Called Strike
0-1: Called Strike
0-2: Foul Ball, location: 2F
0-2: Foul Ball, location: 2F
0-2: SOLO HOME RUN (Line Drive, 7D), Distance : 376 ft
Batting: LHB Sandro Márquez 0-0: Ground out 6-3 (Groundball, 6)
Batting: RHB Reynaldo Gómez 0-0: Ball
1-0: Called Strike
1-1: Ball
2-1: Ball
3-1: Base on Balls
Batting: RHB Vincent Hancock 0-0: Ball
1-0: Ball
2-0: Ball
3-0: Base on Balls
Reynaldo Gómez to second
Batting: RHB Luis Morales 0-0: Ball
1-0: Called Strike
1-1: Called Strike
1-2: Strikes out swinging
Batting: RHB Michael Hall 0-0: Foul Ball, location: 2F
0-1: Ball
1-1: Foul Ball, location: 2F
1-2: Foul Ball, location: 2F
1-2: Ball
2-2: Fielders Choice at 2nd, U4 (Groundball, 4M)
Bottom of the 6th over - 1 run(s), 1 hit(s), 0 error(s), 2 left on base; Evans HS 8 - Bishop Verot HS 2
TOP OF THE 7TH
Evans HS Knights batting - Pitching for Bishop Verot HS : RHP Bryan Smith
Pitching: RHP Alan O'Higgins
Batting: LHB Guy Moss 0-0: Called Strike
0-1: Ball
1-1: Foul Ball, location: 2F
1-2: Ball
2-2: Ball
3-2: Fly out, F6 (Popup, 6S)
Batting: RHB John Eaves 0-0: Ball
1-0: Called Strike
1-1: Ball
2-1: Ground out 6-3 (Groundball, 6)
Batting: LHB Ernesto López 0-0: Ball
1-0: Foul Ball, location: 2F
1-1: Ball
2-1: Ball
3-1: Called Strike
3-2: Base on Balls
Batting: RHB Tom Stoltz 0-0: Called Strike
0-1: Called Strike
Ernesto López is caught stealing 2nd base
Top of the 7th over - 0 run(s), 0 hit(s), 0 error(s), 0 left on base; Evans HS 8 - Bishop Verot HS 2
BOTTOM OF THE 7TH
Bishop Verot HS batting - Pitching for Evans HS Knights : LHP Marc Fontenot
Batting: RHB Nick Vogel 0-0: Called Strike
0-1: Ball
1-1: Ground out 4-3 (Groundball, 4)
Batting: RHB Jon Foster 0-0: Ball
1-0: Fly out, F7 (Flyball, 7M)
Batting: RHB Terry Perkins 0-0: Swinging Strike
0-1: SOLO HOME RUN (Flyball, 8LXD), Distance : 432 ft
Batting: RHB Peter Bishop 0-0: Ball
1-0: Foul Ball, location: 2F
1-1: SOLO HOME RUN (Flyball, 7D), Distance : 369 ft
Batting: LHB Sandro Márquez 0-0: Called Strike
0-1: Foul Ball, location: 2F
0-2: Ball
1-2: SINGLE (Line Drive, 4M)
Pitching: RHP Julian Corbitt
Batting: RHB Reynaldo Gómez 0-0: Ball
1-0: Foul Ball, location: 2F
1-1: Ground out U3 (Groundball, 3S)
Bottom of the 7th over - 2 run(s), 3 hit(s), 0 error(s), 1 left on base; Evans HS 8 - Bishop Verot HS 4
TOP OF THE 8TH
Evans HS Knights batting - Pitching for Bishop Verot HS : RHP Alan O'Higgins
Batting: RHB Tom Stoltz 0-0: Ball
1-0: Fly out, F5 (Line Drive, 5)
Batting: RHB Holden Davis 0-0: Ball
1-0: Ball
2-0: Called Strike
2-1: Reached on error, E6 (Groundball, 6)
Batting: LHB Bill McCraney 0-0: Ball
1-0: Called Strike
1-1: Ball
2-1: Foul Ball, location: 2F
2-2: Strikes out looking
Batting: SHB Jorge Dávila 0-0: Called Strike
0-1: Ball
1-1: Called Strike
1-2: Ball
2-2: Foul Ball, location: 2F
2-2: SINGLE (Groundball, 6M) (infield hit)
Holden Davis to second
Batting: RHB Michael Stevenson 0-0: Foul Ball, location: 2F
0-1: Ball
1-1: SINGLE (Groundball, 6M)
Holden Davis to third
Jorge Dávila to second
Runner from 3rd tries for Home, SAFE, no throw or cutoff
Pitching: RHP Pedro Sendejo
Batting: RHB Ronnie Rogers 0-0: SINGLE (Groundball, 34S) (infield hit)
Jorge Dávila to third
Michael Stevenson to second
Batting: LHB Guy Moss 0-0: Swinging Strike
0-1: Ball
1-1: Ball
2-1: Foul Ball, location: 2F
2-2: Foul Ball, location: 2F
2-2: Ball
3-2: Ground out 1-3 (Groundball, 2R)
Top of the 8th over - 1 run(s), 3 hit(s), 1 error(s), 3 left on base; Evans HS 9 - Bishop Verot HS 4
BOTTOM OF THE 8TH
Bishop Verot HS batting - Pitching for Evans HS Knights : RHP Julian Corbitt
Now in RF: Bill Rice
Batting: RHB Vincent Hancock 0-0: Swinging Strike
0-1: Called Strike
0-2: Ball
1-2: Strikes out swinging
Batting: RHB Luis Morales 0-0: Called Strike
0-1: Ball
1-1: Ball
2-1: Swinging Strike
2-2: Ball
3-2: Base on Balls
Batting: RHB Michael Hall 0-0: SINGLE (Line Drive, 9S)
Luis Morales to second
Runner from 2nd tries for 3rd, SAFE, no throw or cutoff
Batting: RHB Nick Vogel 0-0: Ball
1-0: Swinging Strike
1-1: Foul Ball, location: 2F
1-2: Foul Ball, location: 2F
1-2: Ball
2-2: Ball
3-2: Strikes out looking
Batting: RHB Jon Foster 0-0: Swinging Strike
0-1: Called Strike
0-2: Foul Ball, location: 2F
0-2: Strikes out swinging
Bottom of the 8th over - 0 run(s), 1 hit(s), 0 error(s), 2 left on base; Evans HS 9 - Bishop Verot HS 4
TOP OF THE 9TH
Evans HS Knights batting - Pitching for Bishop Verot HS : RHP Pedro Sendejo
Pitching: RHP Bob Branch
Batting: RHB John Eaves 0-0: Ball
1-0: SINGLE (Groundball, 4MD) (infield hit)
Batting: LHB Ernesto López 0-0: Reached on error, E1 (Groundball, 13)
John Eaves to second
Batting: RHB Tom Stoltz 0-0: SINGLE (Groundball, 4)
John Eaves to third
Ernesto López to second
Batting: RHB Holden Davis 0-0: Foul Ball, location: 2F
0-1: Reached on error, E6 (Groundball, 6)
John Eaves scores
Ernesto López to third
Tom Stoltz to second
Batting: LHB Bill McCraney 0-0: Called Strike
0-1: Ball
1-1: Called Strike
1-2: Foul Ball, location: 2F
1-2: Fly out, F2 (Popup, 2LF)
Batting: SHB Jorge Dávila 0-0: TRIPLE (Flyball, 89XD)
Ernesto López scores
Tom Stoltz scores
Holden Davis scores
Batting: RHB Bill Rice 0-0: Called Strike
0-1: Called Strike
0-2: DOUBLE (Flyball, 8RM)
Jorge Dávila scores
Pitching: RHP Jared Thomas
Batting: RHB Ronnie Rogers 0-0: Called Strike
0-1: Ball
1-1: Ball
2-1: Fly out, F4 (Popup, 4)
Batting: LHB Guy Moss 0-0: SINGLE (Groundball, 6MD)
Bill Rice to third
Runner from 3rd tries for Home, SAFE, no throw or cutoff
Batting: RHB John Eaves 0-0: Foul Ball, location: 2F
0-1: Ball
1-1: Ground out 4-3 (Groundball, 4)
Top of the 9th over - 6 run(s), 5 hit(s), 2 error(s), 1 left on base; Evans HS 15 - Bishop Verot HS 4
BOTTOM OF THE 9TH
Bishop Verot HS batting - Pitching for Evans HS Knights : RHP Julian Corbitt
Batting: RHB Terry Perkins 0-0: Ball
1-0: Called Strike
1-1: Swinging Strike
1-2: Ball
2-2: Ground out 4-3 (Groundball, 4)
Batting: RHB Peter Bishop 0-0: Ball
1-0: Ball
2-0: Ball
3-0: Base on Balls
Batting: LHB Sandro Márquez 0-0: Called Strike
0-1: Ball
1-1: Ball
2-1: Fly out, F7 (Flyball, 7M)
Pinch Hitting: RHB Dave Richards 0-0: Called Strike
0-1: Ball
1-1: Called Strike
1-2: Strikes out looking
Bottom of the 9th over - 0 run(s), 0 hit(s), 0 error(s), 1 left on base; Evans HS 15 - Bishop Verot HS 4
This league is powered by Out of the Park Baseball, the baseball management simulation game for PC, Mac and Linux
Wednesday, December 2nd, 2015 - OOTP Baseball 16.8 Build 38